 Dungeon Crawl Stone Soup version 0.30-a0-840-ga523dec638 (webtiles) character file.

Game seed: 18349506351678378360

24445 jasper the Thaumaturge (level 12, -6/86 (97) HPs)
             Began as a Demonspawn Hedge Wizard on Mar 1, 2023.
             Was a High Priest of Vehumet.
             Mangled by a bunyip (20 damage)
             ... on level 2 of the Orcish Mines.
             The game lasted 00:41:45 (15591 turns).

jasper the Thaumaturge (Demonspawn Hedge Wizard)   Turns: 15591, Time: 00:41:46

HP:   -6/86 (97)    AC:  9    Str: 11    XL:     12   Next: 80%
MP:   29/29         EV: 21    Int: 20    God:    Vehumet [*****.]
Gold: 561           SH:  0    Dex: 16    Spells: 2/37 levels left

rFire   + . .      SeeInvis .    y - +1 shortbow of Isoyqioc {elec, rElec Dex+3}
rCold   + + +      Faith    .    (shield currently unavailable)
rNeg    . . .      Spirit   .    g - +0 robe {rC+ rF+}
rPois   .          Reflect  .    E - +0 helmet
rElec   +          Harm     .    J - +1 cloak {rC+}
rCorr   .          Rampage  .    G - +1 pair of gloves
Will    .....                    (no boots)
Stlth   ++                       I - amulet of regeneration
HPRegen 1.14/turn                V - ring of protection from cold
MPRegen 0.21/turn                K - ring of wizardry

@: mighty, agile, on blink cooldown, very slightly contaminated, heavily drained
A: yellow scales 1, ignite blood 1, powered by pain 3, demonic touch 1
a: Renounce Religion


You were on level 2 of the Orcish Mines.
You worshipped Vehumet.
Vehumet was extremely pleased with you.
You visited 3 branches of the dungeon, and saw 14 of its levels.
You also visited: Sewer, Bailey and Ice Cave.

You collected 1056 gold pieces.
You spent 495 gold pieces at shops.

Inventory:

Hand Weapons
 y - the +1 shortbow of Isoyqioc (weapon) {elec, rElec Dex+3}
   (You found it in a sewer)

   Dex:       It affects your dexterity (+3).
   rElec:     It insulates you from electricity.
 U - the +4 war axe of Hubris {speed, rElec rPois rF+ rC+}
   (You took it off a gnoll on level 8 of the Dungeon)

   rF:        It protects you from fire.
   rC:        It protects you from cold.
   rElec:     It insulates you from electricity.
   rPois:     It protects you from poison.
Missiles
 b - 30 stones
 i - 28 boomerangs
 A - 4 javelins
 D - 2 atropa-tipped darts
Armour
 g - a +0 robe of resistance (worn)
 k - +0 steam dragon scales
 E - a +0 helmet (worn)
 G - a +1 pair of gloves (worn)
 J - a +1 cloak of cold resistance (worn)
 P - a +2 tower shield of cold resistance
 Z - a +0 cloak
Magical Staves
 n - a staff of cold
 s - a staff of poison
 N - a staff of death
Jewellery
 m - a ring of see invisible
 z - a +5 ring of evasion
 I - an amulet of regeneration (around neck)
 K - a ring of wizardry (right hand)
 V - a ring of protection from cold (left hand)
Wands
 a - a wand of flame (23)
 u - a wand of roots (27)
 B - a wand of digging (7)
Scrolls
 f - 6 scrolls of teleportation
 l - a scroll of torment
 q - a scroll of silence
 x - a scroll of identify
 C - a scroll of brand weapon
 H - a scroll of enchant weapon
 M - a scroll of vulnerability
 W - a scroll of enchant armour
Potions
 d - 3 potions of magic
 e - 6 potions of haste
 h - 4 potions of attraction
 o - a potion of cancellation
 r - 3 potions of lignification
 t - 4 potions of might
 v - a potion of ambrosia
 w - 2 potions of flight
 F - 2 potions of berserk rage
 L - 5 potions of curing
 O - 4 potions of mutation
 Q - 2 potions of brilliance
 R - a potion of invisibility
 S - a potion of experience {unknown}
 T - a potion of resistance
 X - a potion of degeneration {unknown}


   Skills:
 - Level 10.0 Fighting
 - Level 8.0 Dodging
 - Level 1.7 Stealth
 - Level 13.0 Spellcasting
 - Level 7.4 Conjurations
 - Level 1.0 Summonings
 - Level 2.1 Translocations
 + Level 6.9 Ice Magic
 - Level 2.0 Earth Magic


You had 2 spell levels left.
You knew the following spells:

 Your Spells              Type           Power      Damage    Failure   Level
a - Magic Dart            Conj           100%       1d8       1%          1
b - Call Imp              Summ           17%        N/A       1%          2
c - Blink                 Tloc           42%        N/A       1%          2
d - Cigotuvi's Dreadful   Necr/Pois/Air  26%        N/A       3%          2
e - Mephitic Cloud        Conj/Pois/Air  22%        N/A       1%          3
f - Gell's Gravitas       Tloc           21%        N/A       2%          3
g - Sandblast             Erth           42%        2d11      1%          1
h - Iskenderun's Mystic   Conj/Tloc      32%        2d8       1%          4
i - Ozocubu's Refrigerat  Ice            20%        4d11      24%         7
j - Orb of Destruction    Conj           21%        9d8       22%         7
k - Ozocubu's Armour      Ice            40%        N/A       1%          3

Your spell library contained the following spells:

 Spells                   Type           Power      Damage    Failure   Level
 Freezing Cloud           Conj/Ice/Air   16%        6-21      2%          5
 Kiss of Death            Conj/Necr      100%       2d13      1%          1
 Slow                     Hex            52%        N/A       1%          1
 Lesser Beckoning         Tloc           42%        N/A       1%          2
 Kindle Blastsparks       Fire/Tloc/Air  30%        2d12      1%          3
 Fulminant Prism          Conj/Hex       13%        3d8       1%          4
 Iskenderun's Battlesphe  Conj           42%        2d9       1%          5
 Teleport Other           Tloc           21%        N/A       2%          3
 Fireball                 Conj/Fire      13%        3d7       3%          5
 Confusing Touch          Hex            13%        N/A       6%          3
 Lee's Rapid Deconstruct  Erth           10%        3d8*      7%          5
 Passage of Golubria      Tloc           21%        N/A       9%          4
 Conjure Ball Lightning   Conj/Air       13%        3x3d6     17%         6
 Dispel Undead            Necr           13%        3d9       21%         4
 Silence                  Hex/Air        6%         N/A       45%         5
 Lehudib's Crystal Spear  Conj/Erth      15%        10d5      97%         8


Dungeon Overview and Level Annotations

Branches:
Dungeon (11/15)            Temple (1/1) D:5             Orc (2/2) D:9
    Elf (0/3) Orc:2         Sewer (visited)          Bailey (visited)
  IceCv (visited)
   Lair: D:8-11

Altars:
Cheibriados
Dithmenos
Fedhas
Gozag
Hepliaklqana
Kikubaaqudgha
Nemelex Xobeh
Okawaru
Qazlal
Ru
Sif Muna
Trog
Uskayaw
Vehumet
Wu Jian
Xom
Yredelemnul

Shops:
D:11 *   Orc:2 !

Annotations:
D:4 1 transporter, 1 exclusion, Sigmund; tarna41's ghost, amateur DsCK
D:7 1 runed translucent door, kiwi3s's ghost, novice MiBe
D:11 Gastronok


Innate Abilities, Weirdness & Mutations

You are partially covered in yellow scales. (AC +2)
Your demonic aura sometimes causes spilled blood to erupt in flames.
You are powered by pain.
Your touch may inflict minor irresistible damage on your foes.


Message History

Aim: a bunyip (moderately wounded, catching its breath)
You now have 22/29 mp.
The orb of destruction hits the bunyip!!
The bunyip is heavily wounded.
Fire: y) +1 shortbow of Isoyqioc {elec, rElec Dex+3}
Press: ? - help, Q - select action, (/) - cycle Shift-Dir - straight line, f/p - bunyip
Aim: a bunyip (magical condensation, heavily wounded, 66% to hit)
You shoot an arrow.
The arrow hits the bunyip but does no damage.
The bunyip is heavily wounded.
The bunyip claws you!!
You focus on the pain.
You feel agile all of a sudden. The bunyip claws you! The bunyip claws you!!
You focus on the pain.
You feel very mighty all of a sudden.
You take 59 damage, and have 27/86 hp.
MASSIVE DAMAGE!!
Fire: y) +1 shortbow of Isoyqioc {elec, rElec Dex+3}
Press: ? - help, Q - select action, (/) - cycle Shift-Dir - straight line, f/p - bunyip
Aim: a bunyip (magical condensation, heavily wounded, 66% to hit)
You shoot an arrow. The arrow barely misses the bunyip.
You regained 2 hp, and now have 29/86 hp.
Casting: Orb of Destruction (quite dangerous; 22% risk of failure)
Confirm with . or Enter, or press ? or * to list all spells.
You blink.
You now have 21/29 mp.
Casting: Blink (safe; 1% risk of failure)
Confirm with . or Enter, or press ? or * to list all spells.
The spell is quite dangerous to miscast (22% risk of failure)!
Continue anyway?
Okay, then.
Casting: Orb of Destruction (quite dangerous; 22% risk of failure)
Confirm with . or Enter, or press ? or * to list all spells.
The spell is quite dangerous to miscast (22% risk of failure)!
Continue anyway?
Aiming: Orb of Destruction (quite dangerous; 22% risk of failure)
Press: ? - help, Shift-Dir - straight line, f/p - bunyip
Aim: a bunyip (heavily wounded)
You miscast Orb of Destruction.
You are very lightly contaminated with residual magic.
Energy rips through your body!
* * * LOW HITPOINT WARNING * * *
You focus on the pain.
You feel your power returning. The bunyip claws you!!
You die...

...................
....................
.....................
.....................
....................
..................#
.................##
........)...).....#
............@.^....)..##
##............x8.8.....###
##..........#..).[....)...##
##.#...........##'''##......#
.............###..)).###)..##
............# #8..)8# ##.##
...#........# ##)).## #.#
............# #).)# #)#
...#...#....# '...' #)#


You could see a bunyip.

Vanquished Creatures
  An orc warlord (Orc:2)
  A boulder beetle (D:11)
  3 death yaks (IceCv)
  A two-headed ogre (D:11)
  An orc high priest (Orc:2)
  Pikel (D:7)
  2 orc sorcerers (Orc:2)
  2 manticores (D:11)
  An ice statue (IceCv)
  A gargoyle (D:11)
  6 polar bears (IceCv)
  4 trolls
  Prince Ribbit (D:8)
  A shadow (D:10)
  2 wyverns (D:9)
  3 wraiths
  27 yaks
  A steam dragon (D:10)
  2 wargs (Orc:2)
  A vampire mosquito (D:10)
  2 acid dragons
  36 orc warriors
  A black bear (D:8)
  5 ogres
  2 centaurs
  19 wolves (IceCv)
  2 phantoms
  2 kobold brigands
  3 bullfrogs
  2 gnoll sergeants
  3 scorpions
  A necrophage (D:7)
  4 wights
  16 killer bees
  5 howler monkeys
  3 hounds
  A jelly (D:6)
  18 orc priests
  Ijyb (D:5)
  Natasha (D:4)
  6 iguanas
  22 orc wizards
  Robin (D:5)
  14 adders
  24 gnolls
  A river rat (D:4)
  2 white imps (D:5)
  A worm (D:4)
  A dart slug (D:3)
  115 orcs
  10 ball pythons
  8 endoplasms
  4 giant cockroaches (Sewer)
  10 goblins
  9 hobgoblins
  12 kobolds
  10 quokkas
  6 bats
  18 frilled lizards
  8 rats
471 creatures vanquished.

Vanquished Creatures (collateral kills)
  A bullfrog (Sewer)
  A killer bee (D:7)
  2 orcs (D:7)
  A frilled lizard (Sewer)
5 creatures vanquished.

Vanquished Creatures (others)
  A vampire (D:11)
  A vampire mosquito (D:10)
  14 fungi (D:5)
  5 toadstools (D:1)
21 creatures vanquished.

Grand Total: 497 creatures vanquished

Notes
Turn   | Place    | Note
-------+----------+-------------------------------------------
     0 | D:1      | jasper the Demonspawn Hedge Wizard began the quest for the
                  | Orb.
     0 | D:1      | Reached XP level 1. HP: 13/13 MP: 4/4
   415 | D:1      | Gained mutation: You are partially covered in yellow
                  | scales. (AC +2) [demonic ancestry]
   415 | D:1      | Reached XP level 2. HP: 17/20 MP: 0/6
   418 | D:1      | Learned a level 2 spell: Call Imp
   421 | D:1      | Learned a level 2 spell: Blink
   424 | D:1      | Learned a level 2 spell: Cigotuvi's Dreadful Rot
   797 | D:1      | You fall into a shaft and drop 1 floor!
   934 | D:2      | Reached skill level 1 in Fighting
  1982 | D:2      | Gained mutation: Your demonic aura sometimes causes spilled
                  | blood to erupt in flames. [demonic ancestry]
  1982 | D:2      | Reached XP level 3. HP: 26/26 MP: 6/8
  2495 | D:3      | Reached skill level 4 in Spellcasting
  2564 | D:3      | Identified the +0 dagger of Embarrassment {pain, Dex+2}
  2764 | D:3      | Reached XP level 4. HP: 30/33 MP: 6/10
  3154 | D:4      | Noticed Natasha
  3217 | D:4      | Killed Natasha
  3253 | D:4      | Found a transporter.
  3253 | D:4      | Noticed tarna41's ghost (amateur DsCK)
  3367 | D:4      | Noticed Sigmund
  3408 | D:4      | Reached XP level 5. HP: 35/37 MP: 12/12
  3551 | D:4      | Found a glowing drain.
  3579 | D:4      | Reached skill level 5 in Spellcasting
  3602 | Sewer    | Entered a sewer
  4010 | Sewer    | Gained mutation: Your touch may inflict minor irresistible
                  | damage on your foes. [demonic ancestry]
  4010 | Sewer    | Reached XP level 6. HP: 35/44 MP: 2/14
  4485 | Sewer    | Reached skill level 6 in Spellcasting
  4613 | Sewer    | Identified the +1 shortbow of Isoyqioc {elec, rElec Dex+3}
  4695 | D:5      | Entered Level 5 of the Dungeon
  4836 | D:5      | Gained mutation: You sometimes gain a little power by
                  | taking damage. [demonic ancestry]
  4836 | D:5      | Reached XP level 7. HP: 45/54 MP: 16/16
  4928 | D:5      | Noticed Robin
  4934 | D:5      | Noticed Ijyb
  4953 | D:5      | Killed Robin
  4961 | D:5      | Killed Ijyb
  5210 | D:5      | Found an ornate altar of the Wu Jian Council.
  5246 | D:5      | Found a staircase to the Ecumenical Temple.
  5257 | Temple   | Entered the Ecumenical Temple
  5289 | Temple   | Became a worshipper of Vehumet
  5491 | D:5      | Learned a level 3 spell: Mephitic Cloud
  5723 | D:6      | Reached skill level 7 in Spellcasting
  6084 | D:6      | Reached skill level 5 in Fighting
  6153 | D:6      | Learned a level 3 spell: Gell's Gravitas
  6256 | D:6      | Found a shadowy altar of Dithmenos.
  6263 | D:6      | Reached skill level 1 in Translocations
  6263 | D:6      | Reached XP level 8. HP: 62/62 MP: 19/19
  6606 | D:7      | Noticed Pikel
  6648 | D:8      | Reached skill level 8 in Spellcasting
  6703 | D:8      | Found a flagged portal.
  6712 | D:8      | Reached * piety under Vehumet
  6712 | D:8      | Offered knowledge of Sandblast by Vehumet.
  6718 | D:8      | Learned a level 1 spell: Sandblast
  6730 | Bailey   | Entered a bailey
  7388 | Bailey   | Reached skill level 1 in Earth Magic
  7667 | D:8      | Noticed Prince Ribbit
  7671 | D:8      | Identified the +4 war axe of Hubris {speed, rElec rPois rF+
                  | rC+}
  7689 | D:8      | Killed Prince Ribbit
  7700 | D:8      | Reached XP level 9. HP: 56/69 MP: 14/21
  8084 | D:8      | Found an opulent altar of Gozag.
  8194 | D:8      | Learned a level 4 spell: Iskenderun's Mystic Blast
  8246 | D:8      | Reached skill level 9 in Spellcasting
  8357 | D:8      | Found a sparkling altar of Nemelex Xobeh.
  8590 | D:9      | Offered knowledge of Momentum Strike by Vehumet.
  8702 | D:9      | Reached ** piety under Vehumet
  8997 | D:9      | Reached skill level 10 in Spellcasting
  9062 | D:9      | Reached XP level 10. HP: 77/77 MP: 24/24
  9362 | D:9      | Found a staircase to the Orcish Mines.
  9398 | D:9      | Offered knowledge of Dazzling Flash by Vehumet.
  9573 | D:9      | Reached *** piety under Vehumet
  9745 | D:10     | Entered Level 10 of the Dungeon
  9745 | D:10     | Found an ancient bone altar of Kikubaaqudgha.
  9873 | D:10     | Reached skill level 5 in Conjurations
  9902 | D:10     | Reached skill level 5 in Dodging
 10042 | D:10     | Found a shimmering altar of Xom.
 10051 | D:10     | Found a blossoming altar of Fedhas.
 10108 | D:10     | Offered knowledge of Inner Flame by Vehumet.
 10154 | D:10     | Found a hazy altar of Hepliaklqana.
 10210 | D:10     | Reached skill level 11 in Spellcasting
 10242 | D:10     | Found a bloodstained altar of Trog.
 10552 | D:11     | Found Mesaor's Assorted Antiques.
 10601 | D:11     | Bought a potion of curing for 75 gold pieces
 10601 | D:11     | Bought a scroll labelled HENOFA BIAC for 25 gold pieces
 10601 | D:11     | Bought a tubular bone ring for 125 gold pieces
 10634 | D:11     | Noticed a two-headed ogre
 10637 | D:11     | Noticed a manticore
 10638 | D:11     | Noticed a gargoyle
 10645 | D:11     | Killed a two-headed ogre
 10650 | D:11     | Noticed a boulder beetle
 10652 | D:11     | Killed a manticore
 10653 | D:11     | Gained mutation: You sometimes gain power by taking damage.
                  | [demonic ancestry]
 10653 | D:11     | Reached XP level 11. HP: 72/86 MP: 18/26
 10704 | D:11     | Killed a boulder beetle
 10809 | D:11     | Noticed Gastronok
 11023 | D:7      | Reached **** piety under Vehumet
 11065 | D:7      | Killed Pikel
 11093 | D:7      | Found a hide-covered altar of Uskayaw.
 11126 | D:7      | Offered knowledge of Iskenderun's Battlesphere by Vehumet.
 11159 | D:7      | Found a runed translucent door.
 11376 | D:7      | Noticed kiwi3s's ghost (novice MiBe)
 11566 | Orc:1    | Entered Level 1 of the Orcish Mines
 11766 | D:9      | Reached skill level 12 in Spellcasting
 12009 | Orc:1    | Found a frozen archway.
 12163 | IceCv    | Entered an ice cave
 12256 | IceCv    | Reached ***** piety under Vehumet
 12509 | IceCv    | Noticed a death yak
 12520 | IceCv    | Killed a death yak
 12523 | IceCv    | Noticed a death yak
 12550 | IceCv    | Killed a death yak
 12717 | IceCv    | Offered knowledge of Ozocubu's Refrigeration by Vehumet.
 12733 | IceCv    | Learned a level 7 spell: Ozocubu's Refrigeration
 12904 | IceCv    | Gained mutation: You are powered by pain. [demonic
                  | ancestry]
 12904 | IceCv    | Reached XP level 12. HP: 91/95 MP: 28/28
 12960 | IceCv    | Reached skill level 1 in Ice Magic
 13014 | IceCv    | Noticed a death yak
 13038 | IceCv    | Killed a death yak
 13071 | IceCv    | Reached skill level 13 in Spellcasting
 13236 | IceCv    | Learned a level 7 spell: Orb of Destruction
 13673 | IceCv    | Noticed a death yak
 13674 | IceCv    | Noticed a death yak
 13675 | IceCv    | Noticed a frost giant
 13740 | Orc:2    | Entered Level 2 of the Orcish Mines
 13873 | Orc:2    | Noticed an orc warlord
 13902 | Orc:2    | Killed an orc warlord
 14265 | Orc:2    | Reached skill level 10 in Fighting
 14267 | Orc:2    | Paralysed by an orc sorcerer for 2 turns
 14274 | Orc:2    | HP: 4/92 [orc sorcerer/bolt of negative energy (27)]
 14440 | Orc:2    | Paralysed by an orc sorcerer for 2 turns
 14500 | Orc:2    | Found Hofuir's Distillery.
 14508 | Orc:2    | Bought a potion of heal wounds for 75 gold pieces
 14508 | Orc:2    | Bought a potion of curing for 45 gold pieces
 14508 | Orc:2    | Bought a potion of haste for 150 gold pieces
 14522 | Orc:2    | Found a staircase to the Elven Halls.
 14634 | Orc:2    | Reached skill level 5 in Ice Magic
 14642 | Orc:2    | Offered knowledge of Freezing Cloud by Vehumet.
 14647 | Orc:2    | Learned a level 3 spell: Ozocubu's Armour
 14703 | Orc:2    | Noticed an orc high priest
 14743 | Orc:2    | Killed an orc high priest
 15142 | Orc:2    | Noticed an orc warlord
 15468 | Orc:2    | an orc warlord changed into a bunyip
 15468 | Orc:2    | Noticed a bunyip
 15591 | Orc:2    | Mangled by a bunyip

Illustrated notes

Levels and vault maps discovered:
D:1:      ldierk_walled_garden, layout_basic
D:2:      layout_loops_cross, kennysheep_generic_room_5
D:3:      layout_basic, general_overflow_altar
D:4:      layout_loops_ring, mainiacjoe_overflow_tiny_flanked,
          cheibrodos_sewer_entry_sluice, gammafunk_ghost_stat_death,
          nrook_mini_backslash, uniq_eustachio, uniq_sigmund, uniq_natasha
D:5:      layout_rooms, mainiacjoe_overflow_chevrons, minmay_temple_entry_tees,
          nicolae_goblin_pals
D:6:      layout_loops_cross, grunt_dithmenos_shadows, roderic_roman_lattice
D:7:      layout_cave_pools, eat_drink_and_be_merry_uskayaw,
          ebering_ghost_reflecting_pool, nicolae_nh_ransacked_shop, uniq_pikel
D:8:      layout_rooms, lemuel_tele_altar, nemelex_xobeh_ov_fountains_minmay,
          mainiacjoe_overflow_brackets, mainiacjoe_overflow_catwalk,
          enter_bailey_4, minmay_misc_feat_cross, uniq_prince_ribbit1
D:9:      layout_irregular_city, david_orc_5
D:10:     layout_big_octagon, nicolae_kikubaaqudgha_miasma_corner,
          worldfamousw_hep_ancestral_shrine, trog_butcher_becter,
          mainiacjoe_overflow_swirl, minmay_misc_feat_ornament, kennysheep_boxes
D:11:     nzn_winding_woodlands_medium [nzn_winding_woodlands_5x5_closed_star,
          nzn_winding_woodlands_5x15_parted, nzn_winding_woodlands_5x5_cross,
          nzn_winding_woodlands_5x5_three,
          nzn_winding_woodlands_center_triple_pond,
          nzn_winding_woodlands_hourglass, nzn_winding_woodlands_5x5_open_star,
          nzn_winding_woodlands_5x15_river_crossing,
          nzn_winding_woodlands_5x5_perimeter], layout_basic, serial_shops,
          shop, uniq_gastronok
Temple:   nicolae_temple_bog_church
Orc:1:    layout_caves, nicolae_volcano_entry_lava_flow,
          portal_ice_cave_entry_pillars_1
Orc:2:    grunt_orc_community_town_hall, layout_diamond_mine,
          grunt_orc_community_big_house_2, grunt_orc_community_big_house_1,
          grunt_orc_community_house_2, grunt_orc_community_house_3,
          grunt_orc_community_house_3, grunt_orc_community_house_1,
          grunt_orc_community_house_2, grunt_orc_community_house_2,
          nicolae_orc_sculptors_studio, lightli_orcish_oven

Skill      XL: |  1  2  3  4  5  6  7  8  9 10 11 12 |
---------------+-------------------------------------+-----
Fighting       | 1 2 3 4 5 6 8 9 10 | 10.0
Spellcasting   | 4 5 6 7 8 10 11 12 13 | 13.0
Translocations | 1 2 |  2.1
Conjurations   | 2 4 5 7 |  7.4
Dodging        | 2 4 5 7 8 |  8.0
Earth Magic    | 1 2 |  2.0
Ice Magic      | 6 |  6.9
Stealth        | |  1.7
Summonings     | |  1.0

Action                     |  1- 3 |  4- 6 |  7- 9 | 10-12 || total
---------------------------+-------+-------+-------+-------++-------
  Melee: Dagger            |     6 |       |       |       ||     6
         Spear             |    25 |    65 |       |       ||    90
         Mace              |     6 |       |       |       ||     6
         Touch             |       |     3 |       |       ||     3
   Fire: Shortbow          |       |    20 |   338 |  1052 ||  1410
   Cast: Magic Dart        |    71 |   117 |       |       ||   188
         Cigotuvi's Dreadf |     1 |     6 |     7 |     1 ||    15
         Call Imp          |     2 |     3 |     2 |     1 ||     8
         Blink             |       |       |     1 |     2 ||     3
         Mephitic Cloud    |       |       |    17 |    79 ||    96
         Gell's Gravitas   |       |       |     1 |     7 ||     8
         Sandblast         |       |       |     3 |       ||     3
         Iskenderun's Myst |       |       |     1 |    42 ||    43
         Orb of Destructio |       |       |       |     9 ||     9
         Ozocubu's Armour  |       |       |       |     1 ||     1
  Evoke: Wand              |       |       |       |    14 ||    14
    Use: Scroll            |    11 |     3 |     4 |    17 ||    35
         Potion            |       |       |     2 |     6 ||     8
 Armour: Robe              |     9 |    40 |    62 |   152 ||   263
         Steam dragon scal |       |       |       |    83 ||    83
  Dodge: Dodged            |    22 |    66 |   216 |   948 ||  1252

Table legend: (Time is in decaauts)
 A = Elapsed time spent in this place.
 B = Non-inter-level travel time spent in this place.
 C = Inter-level travel time spent in this place.
 D = Time resting spent in this place.
 E = Time spent auto-exploring this place.
 F = Levels seen in this place.
 G = Mean time per level.
                   A        B        C        D        E       F      G
               +--------+--------+--------+--------+--------+-----+--------+
         Total |  16451 |  15846 |    605 |   4459 |   7271 |  17 |  967.7 |
       Dungeon |  10290 |   9750 |    540 |   2091 |   5374 |  11 |  935.5 |
        Temple |     46 |     29 |     17 |      0 |     20 |   1 |   46.0 |
  Orcish Mines |   2416 |   2368 |     48 |    935 |    691 |   2 | 1208.0 |
         Sewer |   1094 |   1094 |      0 |    296 |    603 |   1 | 1094.0 |
        Bailey |    853 |    853 |      0 |    538 |    200 |   1 |  853.0 |
      Ice Cave |   1750 |   1750 |      0 |    598 |    381 |   1 | 1750.0 |
               +--------+--------+--------+--------+--------+-----+--------+

Top non-repeatable levels by time:
   Orc:2: 1809 daAuts
   IceCv: 1750 daAuts
     D:9: 1505 daAuts
     D:1: 1400 daAuts
     D:8: 1273 daAuts
   Sewer: 1094 daAuts
     D:6: 1048 daAuts
     D:2: 874 daAuts
     D:5: 853 daAuts
  Bailey: 853 daAuts
     D:3: 781 daAuts
    D:10: 767 daAuts
     D:7: 680 daAuts
     D:4: 632 daAuts
   Orc:1: 606 daAuts
